Edmonton Oilers vs Chicago Black Hawks
Created - Tuesday, February 13, 2024 at 07:23
Goals
|
| Edmonton Oilers |
0 |
1 |
0 |
0 |
0 |
1 |
| Chicago Black Hawks |
0 |
1 |
0 |
0 |
1 |
2 |
|
Shots
|
| Edmonton Oilers |
15 |
8 |
3 |
0 |
3 |
26 |
| Chicago Black Hawks |
9 |
14 |
4 |
1 |
2 |
28 |
|
1st period
No Goal
Penalties :
No Penalty
2nd period
1. Chicago Black Hawks , Seth Jones 2 (Kirby Dach 8, Barrett Hayton 4) at 8:32 (PP)
2. Edmonton Oilers , Rasmus Ristolainen 1 (Alex Iafallo 2, Jeff Carter 2) at 15:01
Penalties :
Jacob Trouba (EDM) for Hooking (Minor) at 0:57, Blake Wheeler (EDM) for Hooking (Minor) at 8:18, Blake Wheeler (EDM) for Hooking (Minor) at 18:40
3rd period
No Goal
Penalties :
David Perron (EDM) for Holding (Minor) at 3:48, Kirby Dach (CHI) for High sticking (Minor) at 12:18
Overtime #1
No Goal
Penalties :
No Penalty
Shootout
Edmonton Oilers, Boone Jenner - Stopped by Thatcher Demko
Chicago Black Hawks, Bo Horvat - Stopped by Juuse Saros
Edmonton Oilers, Adrian Kempe - Shot Misses the Net
Chicago Black Hawks, Patrice Bergeron - Goal!
Edmonton Oilers, Brock Boeser - Shot Hit the Post
Penalties :
No Penalty
Goalie Stats
Juuse Saros (EDM), 27 saves from 28 shots - (0.964), OTL, 3-4-1, 65:00 minutes
Thatcher Demko (CHI), 25 saves from 26 shots - (0.962), W, 9-0-0, 65:00 minutes
Players Stats for Edmonton Oilers
Player Name G A P +/- PIM S H SB GA TA FO MP PP MP PK MP
------------------------------------------------------------------------------------
Adrian Kempe 0 0 0 0 0 0 0 0 2 0 1/2 17:40 0:59 0:00
Alex Iafallo 0 1 1 1 0 2 0 0 1 0 1/1 15:15 0:54 2:34
Blake Wheeler 0 0 0 1 4 2 2 0 0 0 0/0 11:56 1:13 0:00
Boone Jenner 0 0 0 0 0 2 3 0 0 0 3/10 17:44 1:01 0:12
Brandon Carlo 0 0 0 0 0 3 2 1 0 0 0/0 24:54 0:53 3:21
Brett Pesce 0 0 0 0 0 0 1 0 0 0 0/0 18:55 0:00 0:58
Brock Boeser 0 0 0 0 0 3 1 0 2 2 0/1 19:38 0:00 0:00
David Perron 0 0 0 0 2 1 1 0 0 0 0/0 16:20 0:46 0:10
Dawson Mercer 0 0 0 0 0 2 1 0 2 0 1/1 10:43 0:56 0:00
Derek Grant 0 0 0 0 0 0 1 1 0 0 5/8 12:15 0:12 3:15
Evan Bouchard 0 0 0 1 0 3 1 5 2 1 0/0 19:01 1:23 0:00
Jacob Trouba 0 0 0 0 2 2 3 1 0 2 0/0 23:25 0:36 2:24
Jake DeBrusk 0 0 0 0 0 3 0 1 1 0 0/0 17:49 0:00 0:00
Jeff Carter 0 1 1 1 0 0 0 0 0 0 3/4 13:49 0:45 2:25
Mikael Backlund 0 0 0 0 0 0 2 1 0 0 9/19 20:39 0:00 0:31
Rasmus Ristolainen 1 0 1 1 0 1 2 0 0 2 0/0 20:43 0:00 2:50
Scott Mayfield 0 0 0 0 0 0 2 2 0 0 0/0 20:47 0:00 2:49
Tanner Jeannot 0 0 0 0 0 2 1 0 0 0 0/0 12:12 0:17 3:15
Players Stats for Chicago Black Hawks
Player Name G A P +/- PIM S H SB GA TA FO MP PP MP PK MP
------------------------------------------------------------------------------------
Barrett Hayton 0 1 1 0 0 3 1 0 0 1 1/1 18:14 2:35 0:00
Bo Horvat 0 0 0 0 0 3 1 0 1 0 11/16 19:43 3:05 1:03
Brent Burns 0 0 0 0 0 0 0 0 1 1 0/0 21:06 3:02 1:11
Cale Makar 0 0 0 -1 0 1 0 1 0 0 0/0 27:28 3:09 0:00
Conor Sheary 0 0 0 0 0 0 1 1 1 1 0/1 16:23 0:31 0:00
Devon Toews 0 0 0 0 0 0 0 0 0 0 0/0 21:16 3:02 1:18
Frederick Gaudreau 0 0 0 0 0 0 0 0 0 0 0/0 8:56 0:31 0:00
Jaden Schwartz 0 0 0 0 0 3 1 1 1 1 0/0 12:51 0:00 0:06
Kevin Fiala 0 0 0 0 0 3 0 1 0 0 0/0 19:30 3:05 0:56
Kirby Dach 0 1 1 0 2 4 0 1 1 0 1/1 18:11 2:35 0:00
Marcus Pettersson 0 0 0 0 0 1 1 1 0 0 0/0 14:58 0:00 0:48
Michael Rasmussen 0 0 0 -1 0 1 1 0 0 0 0/0 7:55 0:00 0:00
Nicholas Paul 0 0 0 -1 0 0 4 0 1 3 5/13 21:31 0:31 0:00
Patrice Bergeron 0 0 0 0 0 2 0 0 1 2 4/9 20:31 2:35 0:57
Seth Jones 1 0 1 -1 0 4 1 2 0 0 0/0 27:28 3:09 0:00
Shane Pinto 0 0 0 -1 0 1 1 0 0 0 1/3 7:26 0:00 0:00
Travis Sanheim 0 0 0 0 0 0 0 0 0 1 0/0 15:02 0:00 0:41
Vincent Trocheck 0 0 0 0 0 2 2 0 0 0 0/2 19:31 3:05 0:56
3 Stars
1 - Juuse Saros (EDM)
2 - Thatcher Demko (CHI)
3 - Rasmus Ristolainen (EDM)
Power Play
Edmonton Oilers - 0 on 1 Attempt(s) - 0.00%
Chicago Black Hawks - 1 on 4 Attempt(s) - 25.00%
Penalty Kill
Edmonton Oilers - 3 on 4 Attempt(s) - 75.00%
- Score 0 goal in Penalty Kill
Chicago Black Hawks - 1 on 1 Attempt(s) - 100.00%
- Score 0 goal in Penalty Kill
Team Stat
Edmonton Oilers - Hits : 23 - Faceoff Wins : 23 - Blocked Shots : 12 - Penalty Minutes : 8
Chicago Black Hawks - Hits : 14 - Faceoff Wins : 23 - Blocked Shots : 8 - Penalty Minutes : 2
Official
Referees : Evgeny Romasko and Brad Watson
Linesman : Tony Sericolo and Steve Barton
Game Notes
No Game Note
Finance
Level 1 -- Attendance: 4347 (72.45%) -- Ticket Income $434,700
Level 2 -- Attendance: 3546 (70.92%) -- Ticket Income $212,760
Level 3 -- Attendance: 2203 (73.43%) -- Ticket Income $77,105
Level 4 -- Attendance: 3568 (71.36%) -- Ticket Income $89,200
Luxury Box -- Attendance: 834 (83.40%) -- Ticket Income $166,800
Game was played at the United Center.
Total Attendance: 14498 (72.49%)
Total Ticket Income: $980,565
Other Income: $343,198
Total Income: $1,323,763
Edmonton Oilers
5 vs 5 Forward
Center Left Wing Right Wing Time % Phy DF OF
1 Boone Jenner Adrian Kempe David Perron 34 1 1 3
2 Mikael Backlund Jake DeBrusk Brock Boeser 34 0 2 3
3 Jeff Carter Alex Iafallo Blake Wheeler 20 1 2 2
4 Derek Grant Tanner Jeannot Dawson Mercer 12 1 3 1
5 vs 5 Defense
Defense Defense Time % Phy DF OF
1 Jacob Trouba Brandon Carlo 35 1 3 1
2 Rasmus Ristolainen Evan Bouchard 35 0 2 3
3 Brett Pesce Scott Mayfield 25 1 3 1
4 Brandon Carlo Scott Mayfield 5 1 4 0
PowerPlay Forward
Center Left Wing Right Wing Time % Phy DF OF
1 Boone Jenner Adrian Kempe Brock Boeser 60 1 0 4
2 Mikael Backlund Jake DeBrusk David Perron 40 1 0 4
PowerPlay Defense
Defense Defense Time % Phy DF OF
1 Evan Bouchard Blake Wheeler 60 1 1 3
2 Brett Pesce Dawson Mercer 40 0 2 3
Penalty Kill 4 Players Forward
Center Wing Time % Phy DF OF
1 Derek Grant Tanner Jeannot 53 1 4 0
2 Jeff Carter Alex Iafallo 47 1 4 0
Penalty Kill 4 Players Defense
Defense Defense Time % Phy DF OF
1 Brandon Carlo Jacob Trouba 50 2 3 0
2 Scott Mayfield Rasmus Ristolainen 50 2 3 0
Penalty Kill - 3 Players Forward
Forward Time % Phy DF OF
1 Derek Grant 50 1 4 0
2 Mikael Backlund 50 1 4 0
Penalty Kill - 3 Players Defense
Defense Defense Time % Phy DF OF
1 Brandon Carlo Jacob Trouba 50 1 4 0
2 Scott Mayfield Rasmus Ristolainen 50 1 4 0
4 vs 4 Forward
Center Wing Time % Phy DF OF
1 Boone Jenner Adrian Kempe 50 1 2 2
2 Mikael Backlund Brock Boeser 50 0 2 3
4 vs 4 Defense
Defense Defense Time % Phy DF OF
1 Jacob Trouba Brandon Carlo 50 1 3 1
2 Rasmus Ristolainen Evan Bouchard 50 1 1 3
Last Minutes Offensive
Center Left Wing Right Wing Defense Defense
Boone Jenner Adrian Kempe Brock Boeser Brett Pesce Evan Bouchard
Last Minutes Defensive
Center Left Wing Right Wing Defense Defense
Mikael Backlund Derek Grant Tanner Jeannot Brandon Carlo Scott Mayfield
Goaltenders
Starting : Juuse Saros
Backup : Matt Murray
Extra Forwards
Normal : Brock Boeser, Adrian Kempe, Boone Jenner - PP : Jake DeBrusk, Brock Boeser - PK : Mikael Backlund
Extra Defensemen
Normal : Evan Bouchard, Jacob Trouba, Brandon Carlo - PP : Jacob Trouba - PK : Brett Pesce, Brandon Carlo
Penalty Shots
Boone Jenner, Adrian Kempe, Brock Boeser, Jake DeBrusk, Dawson Mercer
Chicago Black Hawks
5 vs 5 Forward
Center Left Wing Right Wing Time % Phy DF OF
1 Bo Horvat Kevin Fiala Vincent Trocheck 30 1 2 2
2 Patrice Bergeron Barrett Hayton Kirby Dach 30 1 2 2
3 Nicholas Paul Jaden Schwartz Conor Sheary 25 1 2 2
4 Shane Pinto Michael Rasmussen Nicholas Paul 15 1 2 2
5 vs 5 Defense
Defense Defense Time % Phy DF OF
1 Cale Makar Seth Jones 30 1 2 2
2 Brent Burns Devon Toews 30 1 2 2
3 Travis Sanheim Marcus Pettersson 25 1 2 2
4 Cale Makar Seth Jones 15 1 2 2
PowerPlay Forward
Center Left Wing Right Wing Time % Phy DF OF
1 Bo Horvat Kevin Fiala Vincent Trocheck 50 1 2 2
2 Patrice Bergeron Barrett Hayton Kirby Dach 50 1 2 2
PowerPlay Defense
Defense Defense Time % Phy DF OF
1 Cale Makar Seth Jones 50 1 2 2
2 Brent Burns Devon Toews 50 1 2 2
Penalty Kill 4 Players Forward
Center Wing Time % Phy DF OF
1 Bo Horvat Patrice Bergeron 50 1 2 2
2 Vincent Trocheck Kevin Fiala 50 1 2 2
Penalty Kill 4 Players Defense
Defense Defense Time % Phy DF OF
1 Cale Makar Seth Jones 50 1 2 2
2 Brent Burns Devon Toews 50 1 2 2
Penalty Kill - 3 Players Forward
Forward Time % Phy DF OF
1 Bo Horvat 50 1 2 2
2 Patrice Bergeron 50 1 2 2
Penalty Kill - 3 Players Defense
Defense Defense Time % Phy DF OF
1 Cale Makar Seth Jones 50 1 2 2
2 Brent Burns Devon Toews 50 1 2 2
4 vs 4 Forward
Center Wing Time % Phy DF OF
1 Bo Horvat Patrice Bergeron 50 1 2 2
2 Vincent Trocheck Kevin Fiala 50 1 2 2
4 vs 4 Defense
Defense Defense Time % Phy DF OF
1 Cale Makar Seth Jones 50 1 2 2
2 Brent Burns Devon Toews 50 1 2 2
Last Minutes Offensive
Center Left Wing Right Wing Defense Defense
Bo Horvat Kevin Fiala Vincent Trocheck Cale Makar Seth Jones
Last Minutes Defensive
Center Left Wing Right Wing Defense Defense
Bo Horvat Kevin Fiala Vincent Trocheck Cale Makar Seth Jones
Goaltenders
Starting : Thatcher Demko
Backup : Jordan Binnington
Extra Forwards
Normal : Frederick Gaudreau, Nicholas Paul, Jaden Schwartz - PP : Frederick Gaudreau, Nicholas Paul - PK : Jaden Schwartz
Extra Defensemen
Normal : Travis Sanheim, Marcus Pettersson, Brent Burns - PP : Travis Sanheim - PK : Marcus Pettersson, Brent Burns
Penalty Shots
Bo Horvat, Patrice Bergeron, Vincent Trocheck, Kevin Fiala, Barrett Hayton
% Time on Ice - Edmonton Oilers
Lines # - Real PCT - Wanted PCT - Time Play
Normal Forward
1 - 35% - 34% - 17:55
2 - 35% - 34% - 18:18
3 - 17% - 20% - 8:47
4 - 13% - 12% - 6:50
Normal Defense
1 - 30% - 35% - 15:48
2 - 36% - 35% - 18:47
3 - 30% - 25% - 15:23
4 - 4% - 5% - 1:52
PP Forward
1 - 100% - 60% - 1:59
2 - 0% - 40% - 0:00
PP Defense
1 - 100% - 60% - 1:59
2 - 0% - 40% - 0:00
PK Forward
1 - 61% - 53% - 3:46
2 - 39% - 47% - 2:25
PK Defense
1 - 54% - 50% - 3:22
2 - 46% - 50% - 2:49
PK3 Forward
1 - 0% - 50%
2 - 0% - 50%
PK3 Defense
1 - 0% - 50%
2 - 0% - 50%
44 Forward
1 - 48% - 50% - 2:24
2 - 52% - 50% - 2:36
44 Defense
1 - 63% - 50% - 3:10
2 - 37% - 50% - 1:50
Last Minute Offensive - 0:00
Last Minute Defensive - 0:00
Total
Forward - 65:00
Defense - 65:00
|
% Time on Ice - Chicago Black Hawks
Lines # - Real PCT - Wanted PCT - Time Play
Normal Forward
1 - 37% - 30% - 19:15
2 - 34% - 30% - 17:27
3 - 19% - 25% - 9:42
4 - 10% - 15% - 5:26
Normal Defense
1 - 35% - 30% - 18:23
2 - 32% - 30% - 16:41
3 - 24% - 25% - 12:12
4 - 9% - 15% - 4:34
PP Forward
1 - 58% - 50% - 3:36
2 - 42% - 50% - 2:35
PP Defense
1 - 51% - 50% - 3:09
2 - 49% - 50% - 3:02
PK Forward
1 - 53% - 50% - 1:03
2 - 47% - 50% - 0:56
PK Defense
1 - 0% - 50% - 0:00
2 - 100% - 50% - 1:59
PK3 Forward
1 - 0% - 50%
2 - 0% - 50%
PK3 Defense
1 - 0% - 50%
2 - 0% - 50%
44 Forward
1 - 51% - 50% - 2:32
2 - 49% - 50% - 2:28
44 Defense
1 - 56% - 50% - 2:48
2 - 44% - 50% - 2:12
Last Minute Offensive - 0:00
Last Minute Defensive - 0:00
Total
Forward - 65:00
Defense - 65:00
|
Play-by-Play
1st period
0:01 of 1st period - Boone Jenner wins face-off versus Bo Horvat in neutral zone.
0:10 of 1st period - Wrist shot by Boone Jenner.
0:10 of 1st period - Stopped by Thatcher Demko with a rebound.
0:45 of 1st period - Wrist shot by Patrice Bergeron.
0:45 of 1st period - Shot Misses the Net.
1:14 of 1st period - Slapshot by Dawson Mercer.
1:14 of 1st period - Stopped by Thatcher Demko with a rebound.
1:52 of 1st period - Wrist shot by Patrice Bergeron.
1:52 of 1st period - Stopped by Juuse Saros with a rebound.
1:58 of 1st period - Devon Toews is hit by Boone Jenner and loses puck.
2:12 of 1st period - Off-side.
2:13 of 1st period - Mikael Backlund wins face-off versus Nicholas Paul in neutral zone.
2:42 of 1st period - Wrist shot by Brock Boeser.
2:42 of 1st period - Stopped by Thatcher Demko with a rebound.
2:44 of 1st period - Wrist shot by Jake DeBrusk.
2:44 of 1st period - Shot Blocked by Kevin Fiala.
2:46 of 1st period - Snap shot by Brandon Carlo.
2:46 of 1st period - Deflect By Vincent Trocheck.
2:46 of 1st period - Stopped by Thatcher Demko without a rebound.
2:47 of 1st period - Patrice Bergeron wins face-off versus Jeff Carter in Chicago Black Hawks zone.
3:02 of 1st period - Snap shot by Barrett Hayton.
3:02 of 1st period - Stopped by Juuse Saros without a rebound.
3:03 of 1st period - Mikael Backlund wins face-off versus Nicholas Paul in Edmonton Oilers zone.
3:12 of 1st period - Backhand shot by Jaden Schwartz.
3:12 of 1st period - Shot Misses the Net.
3:14 of 1st period - Slapshot by Devon Toews.
3:14 of 1st period - Deflect By Nicholas Paul.
3:14 of 1st period - Shot Blocked by Mikael Backlund.
3:14 of 1st period - Puck is out of play.
3:15 of 1st period - Derek Grant wins face-off versus Shane Pinto in Edmonton Oilers zone.
4:04 of 1st period - Rasmus Ristolainen is hit by Marcus Pettersson and loses puck.
4:19 of 1st period - Wrist shot by David Perron.
4:19 of 1st period - Stopped by Thatcher Demko with a rebound.
4:25 of 1st period - Wrist shot by Patrice Bergeron.
4:25 of 1st period - Shot Misses the Net.
4:27 of 1st period - Snap shot by Marcus Pettersson.
4:27 of 1st period - Stopped by Juuse Saros with a rebound.
4:29 of 1st period - Snap shot by Barrett Hayton.
4:29 of 1st period - Stopped by Juuse Saros without a rebound.
4:30 of 1st period - Nicholas Paul wins face-off versus Mikael Backlund in Edmonton Oilers zone.
4:35 of 1st period - Wrist shot by Jaden Schwartz.
4:35 of 1st period - Stopped by Juuse Saros with a rebound.
4:37 of 1st period - Snap shot by Brent Burns.
4:37 of 1st period - Shot Blocked by Evan Bouchard.
4:55 of 1st period - Brent Burns is hit by Rasmus Ristolainen and loses puck.
5:06 of 1st period - Wrist shot by Kevin Fiala.
5:06 of 1st period - Shot Misses the Net.
5:26 of 1st period - Jeff Carter is hit by Seth Jones and loses puck.
6:05 of 1st period - Wrist shot by Mikael Backlund.
6:05 of 1st period - Shot Blocked by Seth Jones.
6:07 of 1st period - Slapshot by Jacob Trouba.
6:07 of 1st period - Shot Misses the Net.
6:09 of 1st period - Slapshot by Brandon Carlo.
6:09 of 1st period - Deflect By Cale Makar.
6:09 of 1st period - Stopped by Thatcher Demko with a rebound.
6:52 of 1st period - Slapshot by Evan Bouchard.
6:52 of 1st period - Deflect By Kevin Fiala.
6:52 of 1st period - Stopped by Thatcher Demko with a rebound.
7:30 of 1st period - Wrist shot by Jaden Schwartz.
7:30 of 1st period - Stopped by Juuse Saros without a rebound.
7:31 of 1st period - Boone Jenner wins face-off versus Nicholas Paul in Edmonton Oilers zone.
7:35 of 1st period - Off-side.
7:36 of 1st period - Nicholas Paul wins face-off versus Mikael Backlund in neutral zone.
7:39 of 1st period - Wrist shot by Nicholas Paul.
7:39 of 1st period - Shot Blocked by Brandon Carlo.
7:45 of 1st period - Snap shot by Jake DeBrusk.
7:45 of 1st period - Stopped by Thatcher Demko with a rebound.
7:47 of 1st period - Backhand shot by Brock Boeser.
7:47 of 1st period - Deflect By Mikael Backlund.
7:47 of 1st period - Shot Blocked by Marcus Pettersson.
7:47 of 1st period - Puck is out of play.
7:48 of 1st period - Nicholas Paul wins face-off versus Adrian Kempe in Chicago Black Hawks zone.
8:06 of 1st period - Off-side.
8:07 of 1st period - Mikael Backlund wins face-off versus Bo Horvat in neutral zone.
8:22 of 1st period - Wrist shot by Brock Boeser.
8:22 of 1st period - Stopped by Thatcher Demko with a rebound.
8:32 of 1st period - Brandon Carlo is hit by Nicholas Paul and loses puck.
9:06 of 1st period - Snap shot by Kirby Dach.
9:06 of 1st period - Shot Misses the Net.
9:56 of 1st period - Kirby Dach is hit by Derek Grant and loses puck.
10:19 of 1st period - Off-side.
10:20 of 1st period - Adrian Kempe wins face-off versus Nicholas Paul in neutral zone.
10:23 of 1st period - Wrist shot by Boone Jenner.
10:23 of 1st period - Shot Blocked by Jaden Schwartz.
10:42 of 1st period - Icing by Evan Bouchard.
10:43 of 1st period - Bo Horvat wins face-off versus Boone Jenner in Edmonton Oilers zone.
11:00 of 1st period - Slapshot by Bo Horvat.
11:00 of 1st period - Stopped by Juuse Saros with a rebound.
11:32 of 1st period - Wrist shot by Dawson Mercer.
11:32 of 1st period - Stopped by Thatcher Demko with a rebound.
11:34 of 1st period - Snap shot by Tanner Jeannot.
11:34 of 1st period - Stopped by Thatcher Demko with a rebound.
11:38 of 1st period - Wrist shot by Dawson Mercer.
11:38 of 1st period - Shot Misses the Net.
11:52 of 1st period - Wrist shot by Blake Wheeler.
11:52 of 1st period - Stopped by Thatcher Demko without a rebound.
11:53 of 1st period - Jeff Carter wins face-off versus Vincent Trocheck in Chicago Black Hawks zone.
12:40 of 1st period - Brandon Carlo is hit by Barrett Hayton and loses puck.
12:49 of 1st period - Snap shot by Barrett Hayton.
12:49 of 1st period - Shot Misses the Net.
13:01 of 1st period - Tanner Jeannot is hit by Shane Pinto and loses puck.
13:18 of 1st period - Snap shot by Bo Horvat.
13:18 of 1st period - Stopped by Juuse Saros with a rebound.
13:28 of 1st period - Slapshot by Bo Horvat.
13:28 of 1st period - Shot Blocked by Scott Mayfield.
13:38 of 1st period - Snap shot by Barrett Hayton.
13:38 of 1st period - Stopped by Juuse Saros with a rebound.
13:40 of 1st period - Slapshot by Brent Burns.
13:40 of 1st period - Shot Blocked by Derek Grant.
13:51 of 1st period - Icing by Brett Pesce.
13:52 of 1st period - Nicholas Paul wins face-off versus Mikael Backlund in Edmonton Oilers zone.
15:54 of 1st period - Patrice Bergeron is hit by Brandon Carlo and loses puck.
16:43 of 1st period - Snap shot by Barrett Hayton.
16:43 of 1st period - Shot Misses the Net.
17:26 of 1st period - Scott Mayfield is hit by Michael Rasmussen and loses puck.
17:56 of 1st period - Travis Sanheim is hit by Dawson Mercer and loses puck.
19:17 of 1st period - Vincent Trocheck is hit by Brett Pesce and loses puck.
19:22 of 1st period - Slapshot by Evan Bouchard.
19:22 of 1st period - Stopped by Thatcher Demko with a rebound.
19:28 of 1st period - Slapshot by Evan Bouchard.
19:28 of 1st period - Stopped by Thatcher Demko with a rebound.
19:30 of 1st period - Wrist shot by Tanner Jeannot.
19:30 of 1st period - Stopped by Thatcher Demko with a rebound.
19:58 of 1st period - David Perron is hit by Jaden Schwartz and loses puck.
Goals for this period are 0 for Edmonton Oilers vs 0 for Chicago Black Hawks.
Shots for this period are 15 for Edmonton Oilers vs 9 for Chicago Black Hawks.
2nd period
0:01 of 2nd period - Mikael Backlund wins face-off versus Nicholas Paul in neutral zone.
0:06 of 2nd period - Wrist shot by Brock Boeser.
0:06 of 2nd period - Shot Misses the Net.
0:08 of 2nd period - Slapshot by Evan Bouchard.
0:08 of 2nd period - Shot Blocked by Conor Sheary.
0:10 of 2nd period - Snap shot by Jake DeBrusk.
0:10 of 2nd period - Stopped by Thatcher Demko without a rebound.
0:11 of 2nd period - Mikael Backlund wins face-off versus Nicholas Paul in Chicago Black Hawks zone.
0:45 of 2nd period - Wrist shot by Adrian Kempe.
0:45 of 2nd period - Shot Misses the Net.
0:57 of 2nd period - Minor Penalty to Jacob Trouba for Hooking.
0:58 of 2nd period - Bo Horvat wins face-off versus Derek Grant in Edmonton Oilers zone.
1:01 of 2nd period - Slapshot by Vincent Trocheck.
1:01 of 2nd period - Stopped by Juuse Saros without a rebound.
1:02 of 2nd period - Bo Horvat wins face-off versus Derek Grant in Edmonton Oilers zone.
1:57 of 2nd period - Barrett Hayton is hit by Brandon Carlo and loses puck.
2:53 of 2nd period - Seth Jones is hit by David Perron and loses puck.
2:57 of 2nd period - Penalty to Jacob Trouba is over, Jacob Trouba is back on ice.
2:58 of 2nd period - Backhand shot by Mikael Backlund.
2:58 of 2nd period - Shot Misses the Net.
3:28 of 2nd period - Snap shot by David Perron.
3:28 of 2nd period - Deflect By Jacob Trouba.
3:28 of 2nd period - Stopped by Thatcher Demko with a rebound.
4:12 of 2nd period - Rasmus Ristolainen is hit by Vincent Trocheck and loses puck.
5:29 of 2nd period - Brent Burns is hit by Tanner Jeannot and loses puck.
5:54 of 2nd period - Boone Jenner is hit by Nicholas Paul and loses puck.
6:45 of 2nd period - Seth Jones is hit by Blake Wheeler and loses puck.
6:52 of 2nd period - Slapshot by Blake Wheeler.
6:52 of 2nd period - Stopped by Thatcher Demko with a rebound.
6:54 of 2nd period - Slapshot by Brandon Carlo.
6:54 of 2nd period - Stopped by Thatcher Demko without a rebound.
6:55 of 2nd period - Patrice Bergeron wins face-off versus Derek Grant in Chicago Black Hawks zone.
7:55 of 2nd period - Brent Burns is hit by Scott Mayfield and loses puck.
8:18 of 2nd period - Minor Penalty to Blake Wheeler for Hooking.
8:19 of 2nd period - Derek Grant wins face-off versus Patrice Bergeron in Edmonton Oilers zone.
8:30 of 2nd period - Backhand shot by Kirby Dach.
8:30 of 2nd period - Shot Misses the Net.
8:32 of 2nd period - Slapshot by Seth Jones.
8:32 of 2nd period - Goal by Seth Jones - Edmonton Oilers : 0 - Chicago Black Hawks : 1.
8:33 of 2nd period - Bo Horvat wins face-off versus Mikael Backlund in neutral zone.
8:42 of 2nd period - Wrist shot by Brock Boeser.
8:42 of 2nd period - Shot Blocked by Cale Makar.
8:44 of 2nd period - Wrist shot by Mikael Backlund.
8:44 of 2nd period - Deflect By Jake DeBrusk.
8:44 of 2nd period - Shot Misses the Net.
8:44 of 2nd period - Puck is out of play.
8:45 of 2nd period - Mikael Backlund wins face-off versus Patrice Bergeron in Chicago Black Hawks zone.
8:48 of 2nd period - Snap shot by Brock Boeser.
8:48 of 2nd period - Deflect By Jake DeBrusk.
8:48 of 2nd period - Stopped by Thatcher Demko without a rebound.
8:49 of 2nd period - Barrett Hayton wins face-off versus Brock Boeser in Chicago Black Hawks zone.
9:16 of 2nd period - Snap shot by Kevin Fiala.
9:16 of 2nd period - Shot Misses the Net.
9:18 of 2nd period - Slapshot by Seth Jones.
9:18 of 2nd period - Stopped by Juuse Saros with a rebound.
9:22 of 2nd period - Snap shot by Vincent Trocheck.
9:22 of 2nd period - Shot Misses the Net.
9:24 of 2nd period - Slapshot by Seth Jones.
9:24 of 2nd period - Stopped by Juuse Saros without a rebound.
9:25 of 2nd period - Mikael Backlund wins face-off versus Conor Sheary in Edmonton Oilers zone.
9:52 of 2nd period - David Perron is hit by Bo Horvat and loses puck.
9:59 of 2nd period - Snap shot by Kevin Fiala.
9:59 of 2nd period - Stopped by Juuse Saros without a rebound.
10:00 of 2nd period - Patrice Bergeron wins face-off versus Mikael Backlund in Edmonton Oilers zone.
11:12 of 2nd period - Slapshot by Brock Boeser.
11:12 of 2nd period - Stopped by Thatcher Demko without a rebound.
11:13 of 2nd period - Bo Horvat wins face-off versus Mikael Backlund in Chicago Black Hawks zone.
11:13 of 2nd period - Bo Horvat is hit by Mikael Backlund.
12:12 of 2nd period - Snap shot by Blake Wheeler.
12:12 of 2nd period - Shot Blocked by Seth Jones.
12:31 of 2nd period - Off-side.
12:32 of 2nd period - Mikael Backlund wins face-off versus Patrice Bergeron in neutral zone.
12:35 of 2nd period - Snap shot by Jake DeBrusk.
12:35 of 2nd period - Shot Misses the Net.
12:43 of 2nd period - Slapshot by Kirby Dach.
12:43 of 2nd period - Stopped by Juuse Saros with a rebound.
12:45 of 2nd period - Snap shot by Kirby Dach.
12:45 of 2nd period - Shot Blocked by Evan Bouchard.
12:47 of 2nd period - Slapshot by Brent Burns.
12:47 of 2nd period - Deflect By Barrett Hayton.
12:47 of 2nd period - Shot Misses the Net.
12:47 of 2nd period - Puck is out of play.
12:48 of 2nd period - Bo Horvat wins face-off versus Boone Jenner in Edmonton Oilers zone.
13:55 of 2nd period - Jaden Schwartz is hit by Jacob Trouba and loses puck.
14:34 of 2nd period - Patrice Bergeron is hit by Scott Mayfield and loses puck.
14:51 of 2nd period - Wrist shot by Barrett Hayton.
14:51 of 2nd period - Deflect By Shane Pinto.
14:51 of 2nd period - Stopped by Juuse Saros without a rebound.
14:52 of 2nd period - Jeff Carter wins face-off versus Shane Pinto in Edmonton Oilers zone.
15:01 of 2nd period - Wrist shot by Rasmus Ristolainen.
15:01 of 2nd period - Goal by Rasmus Ristolainen - Edmonton Oilers : 1 - Chicago Black Hawks : 1.
15:02 of 2nd period - Bo Horvat wins face-off versus Mikael Backlund in neutral zone.
15:28 of 2nd period - Cale Makar is hit by Boone Jenner and loses puck.
15:33 of 2nd period - Wrist shot by Boone Jenner.
15:33 of 2nd period - Stopped by Thatcher Demko without a rebound.
15:34 of 2nd period - Shane Pinto wins face-off versus Boone Jenner in Chicago Black Hawks zone.
15:46 of 2nd period - Wrist shot by Nicholas Paul.
15:46 of 2nd period - Shot Misses the Net.
15:48 of 2nd period - Snap shot by Shane Pinto.
15:48 of 2nd period - Shot Blocked by Evan Bouchard.
15:50 of 2nd period - Slapshot by Michael Rasmussen.
15:50 of 2nd period - Stopped by Juuse Saros with a rebound.
16:30 of 2nd period - Slapshot by Bo Horvat.
16:30 of 2nd period - Stopped by Juuse Saros with a rebound.
16:32 of 2nd period - Snap shot by Bo Horvat.
16:32 of 2nd period - Deflect By Kevin Fiala.
16:32 of 2nd period - Stopped by Juuse Saros without a rebound.
16:33 of 2nd period - Nicholas Paul wins face-off versus Mikael Backlund in Edmonton Oilers zone.
16:38 of 2nd period - Snap shot by Jaden Schwartz.
16:38 of 2nd period - Shot Misses the Net.
16:40 of 2nd period - Slapshot by Seth Jones.
16:40 of 2nd period - Deflect By Jaden Schwartz.
16:40 of 2nd period - Shot Misses the Net.
16:40 of 2nd period - Puck is out of play.
16:41 of 2nd period - Mikael Backlund wins face-off versus Nicholas Paul in Edmonton Oilers zone.
16:52 of 2nd period - Slapshot by Cale Makar.
16:52 of 2nd period - Shot Misses the Net.
16:54 of 2nd period - Snap shot by Jaden Schwartz.
16:54 of 2nd period - Shot Blocked by Jake DeBrusk.
16:56 of 2nd period - Snap shot by Jaden Schwartz.
16:56 of 2nd period - Stopped by Juuse Saros without a rebound.
16:57 of 2nd period - Bo Horvat wins face-off versus Boone Jenner in Edmonton Oilers zone.
17:05 of 2nd period - Off-side.
17:06 of 2nd period - Bo Horvat wins face-off versus Boone Jenner in neutral zone.
17:29 of 2nd period - Slapshot by Kevin Fiala.
17:29 of 2nd period - Stopped by Juuse Saros without a rebound.
17:30 of 2nd period - Kirby Dach wins face-off versus Mikael Backlund in Edmonton Oilers zone.
18:18 of 2nd period - Snap shot by Kirby Dach.
18:18 of 2nd period - Stopped by Juuse Saros without a rebound.
18:19 of 2nd period - Jeff Carter wins face-off versus Nicholas Paul in Edmonton Oilers zone.
18:34 of 2nd period - Snap shot by Jaden Schwartz.
18:34 of 2nd period - Shot Blocked by Evan Bouchard.
18:40 of 2nd period - Minor Penalty to Blake Wheeler for Hooking.
18:41 of 2nd period - Derek Grant wins face-off versus Bo Horvat in Edmonton Oilers zone.
18:54 of 2nd period - Snap shot by Vincent Trocheck.
18:54 of 2nd period - Stopped by Juuse Saros with a rebound.
19:21 of 2nd period - Slapshot by Kirby Dach.
19:21 of 2nd period - Shot Blocked by Scott Mayfield.
Goals for this period are 1 for Edmonton Oilers vs 1 for Chicago Black Hawks.
Shots for this period are 8 for Edmonton Oilers vs 14 for Chicago Black Hawks.
3rd period
0:01 of 3rd period - Derek Grant wins face-off versus Bo Horvat in neutral zone.
0:40 of 3rd period - Penalty to Blake Wheeler is over, Blake Wheeler is back on ice.
0:40 of 3rd period - Slapshot by Jacob Trouba.
0:40 of 3rd period - Stopped by Thatcher Demko without a rebound.
0:41 of 3rd period - Bo Horvat wins face-off versus Mikael Backlund in Chicago Black Hawks zone.
0:41 of 3rd period - Bo Horvat is hit by Rasmus Ristolainen.
1:07 of 3rd period - Jaden Schwartz is hit by Evan Bouchard.
1:13 of 3rd period - Snap shot by Alex Iafallo.
1:13 of 3rd period - Stopped by Thatcher Demko without a rebound.
1:14 of 3rd period - Alex Iafallo wins face-off versus Patrice Bergeron in Chicago Black Hawks zone.
1:17 of 3rd period - Snap shot by Alex Iafallo.
1:17 of 3rd period - Stopped by Thatcher Demko with a rebound.
1:19 of 3rd period - Wrist shot by Jacob Trouba.
1:19 of 3rd period - Shot Blocked by Kirby Dach.
2:15 of 3rd period - Snap shot by Vincent Trocheck.
2:15 of 3rd period - Shot Blocked by Jacob Trouba.
2:27 of 3rd period - Conor Sheary is hit by Jacob Trouba and loses puck.
2:36 of 3rd period - Snap shot by Dawson Mercer.
2:36 of 3rd period - Shot Misses the Net.
3:21 of 3rd period - Wrist shot by Kirby Dach.
3:21 of 3rd period - Stopped by Juuse Saros with a rebound.
3:23 of 3rd period - Wrist shot by Patrice Bergeron.
3:23 of 3rd period - Shot Misses the Net.
3:25 of 3rd period - Wrist shot by Kirby Dach.
3:25 of 3rd period - Stopped by Juuse Saros with a rebound.
3:27 of 3rd period - Slapshot by Marcus Pettersson.
3:27 of 3rd period - Shot Blocked by Evan Bouchard.
3:48 of 3rd period - Minor Penalty to David Perron for Holding.
3:49 of 3rd period - Derek Grant wins face-off versus Bo Horvat in Edmonton Oilers zone.
5:48 of 3rd period - Penalty to David Perron is over, David Perron is back on ice.
6:39 of 3rd period - Wrist shot by Brock Boeser.
6:39 of 3rd period - Shot Misses the Net.
7:07 of 3rd period - Brett Pesce is hit by Nicholas Paul and loses puck.
9:02 of 3rd period - Wrist shot by Brock Boeser.
9:02 of 3rd period - Shot Misses the Net.
10:14 of 3rd period - Frederick Gaudreau is hit by Brock Boeser and loses puck.
10:43 of 3rd period - Slapshot by Jake DeBrusk.
10:43 of 3rd period - Shot Misses the Net.
10:57 of 3rd period - Scott Mayfield is hit by Conor Sheary and loses puck.
11:04 of 3rd period - Slapshot by Cale Makar.
11:04 of 3rd period - Stopped by Juuse Saros with a rebound.
11:06 of 3rd period - Slapshot by Seth Jones.
11:06 of 3rd period - Stopped by Juuse Saros with a rebound.
11:24 of 3rd period - Brock Boeser is hit by Nicholas Paul and loses puck.
11:57 of 3rd period - Wrist shot by Brock Boeser.
11:57 of 3rd period - Deflect By Jake DeBrusk.
11:57 of 3rd period - Shot Misses the Net.
11:57 of 3rd period - Puck is out of play.
11:58 of 3rd period - Boone Jenner wins face-off versus Patrice Bergeron in Chicago Black Hawks zone.
12:18 of 3rd period - Minor Penalty to Kirby Dach for High sticking.
12:19 of 3rd period - Bo Horvat wins face-off versus Boone Jenner in Chicago Black Hawks zone.
12:19 of 3rd period - Bo Horvat is hit by Blake Wheeler.
14:18 of 3rd period - Penalty to Kirby Dach is over, Kirby Dach is back on ice.
Goals for this period are 0 for Edmonton Oilers vs 0 for Chicago Black Hawks.
Shots for this period are 3 for Edmonton Oilers vs 4 for Chicago Black Hawks.
Overtime #1
0:01 of 1st overtime period - Patrice Bergeron wins face-off versus Boone Jenner in neutral zone.
0:10 of 1st overtime period - Snap shot by Patrice Bergeron.
0:10 of 1st overtime period - Stopped by Juuse Saros with a rebound.
0:12 of 1st overtime period - Snap shot by Bo Horvat.
0:12 of 1st overtime period - Shot Misses the Net.
0:26 of 1st overtime period - Cale Makar is hit by Mikael Backlund and loses puck.
2:35 of 1st overtime period - Brock Boeser is hit by Vincent Trocheck and loses puck.
3:28 of 1st overtime period - Devon Toews is hit by Boone Jenner and loses puck.
4:29 of 1st overtime period - Frederick Gaudreau is hit by Jacob Trouba and loses puck.
4:39 of 1st overtime period - Icing by Jacob Trouba.
4:40 of 1st overtime period - Dawson Mercer wins face-off versus Vincent Trocheck in Edmonton Oilers zone.
Goals for this period are 0 for Edmonton Oilers vs 0 for Chicago Black Hawks.
Shots for this period are 0 for Edmonton Oilers vs 1 for Chicago Black Hawks.
ShootOut
5:00 of 1st overtime period - Round #1.
5:00 of 1st overtime period - Edmonton Oilers, Boone Jenner.
5:00 of 1st overtime period - Deke by Boone Jenner.
5:00 of 1st overtime period - Stopped by Thatcher Demko.
5:00 of 1st overtime period - Chicago Black Hawks, Bo Horvat.
5:00 of 1st overtime period - Snap shot by Bo Horvat.
5:00 of 1st overtime period - Stopped by Juuse Saros.
5:00 of 1st overtime period - Round #2.
5:00 of 1st overtime period - Edmonton Oilers, Adrian Kempe.
5:00 of 1st overtime period - Wrist shot by Adrian Kempe.
5:00 of 1st overtime period - Shot Misses the Net.
5:00 of 1st overtime period - Chicago Black Hawks, Patrice Bergeron.
5:00 of 1st overtime period - Snap shot by Patrice Bergeron.
5:00 of 1st overtime period - Goal by Patrice Bergeron.
5:00 of 1st overtime period - Round #3.
5:00 of 1st overtime period - Edmonton Oilers, Brock Boeser.
5:00 of 1st overtime period - Deke by Brock Boeser.
5:00 of 1st overtime period - Shot Hit the Post.
Back to the Top